 Dungeon Crawl Stone Soup version 0.26.0-10-g1f06aea511 (webtiles) character file.

Game seed: 738530455645935613

68 Dracia the Magician (level 4, -1/38 HPs)
             Began as a Gnoll Wanderer on Jan 14, 2021.
             Slain by an orc
             ... wielding a +0 war axe
              (9 damage)
             ... on level 2 of the Dungeon.
             The game lasted 00:03:17 (1977 turns).

Dracia the Magician (Gnoll Wanderer)                Turns: 1977, Time: 00:03:18

Health: -1/38      AC:  3    Str: 14    XL:     4   Next: 19%
Magic:  3/11       EV: 14    Int: 16    God:
Gold:   122        SH:  0    Dex: 14    Spells: 9/13 levels left

rFire    + . .     SeeInvis .   a - +0 club
rCold    . . .     Faith    .   (no shield)
rNeg     . . .     Spirit   .   g - +0 leather armour
rPois    .         Reflect  .   (no helmet)
rElec    .         Harm     .   (no cloak)
rCorr    .         Rampage  .   (no gloves)
Will     .....                  (no boots)
Stlth    +.........             (no amulet)
HPRegen  0.12/turn              F - ring of protection from fire
MPRegen  0.12/turn              (no ring)

@: very slightly contaminated
A: distributed training, fangs 1, strong nose
a: no special abilities


You were on level 2 of the Dungeon.
You visited 1 branch of the dungeon, and saw 2 of its levels.

You collected 122 gold pieces.


Innate Abilities, Weirdness & Mutations

Your experience applies equally to all skills.
You have very sharp teeth.
Your uncanny sense of smell can sniff out nearby items.


   Skills:
 + Level 4.6 Fighting
 + Level 1.0 Short Blades
 + Level 1.0 Long Blades
 + Level 1.0 Axes
 + Level 1.0 Maces & Flails
 + Level 1.0 Polearms
 + Level 1.0 Staves
 + Level 1.0 Slings
 + Level 1.0 Bows
 + Level 1.0 Crossbows
 + Level 2.7 Throwing
 + Level 1.0 Armour
 + Level 4.6 Dodging
 + Level 1.0 Stealth
 + Level 1.0 Shields
 + Level 2.7 Unarmed Combat
 + Level 5.0 Spellcasting
 + Level 0.8 Conjurations
 + Level 0.8 Hexes
 + Level 0.8 Summonings
 + Level 0.8 Necromancy
 + Level 0.8 Translocations
 + Level 0.8 Transmutations
 + Level 0.8 Fire Magic
 + Level 0.8 Ice Magic
 + Level 0.8 Air Magic
 + Level 2.2 Earth Magic
 + Level 0.8 Poison Magic
 + Level 1.1 Invocations
 + Level 2.7 Evocations


You had 9 spell levels left.
You knew the following spells:

 Your Spells              Type           Power        Failure   Level
m - Mephitic Cloud        Conj/Pois/Air  6%           36%         3
z - Shock                 Conj/Air       24%          13%         1

Your spell library contained the following spells:

 Spells                   Type           Power        Failure   Level


Inventory:

Hand Weapons
 a - a +0 club (weapon)
Missiles
 l - 12 poisoned darts
Armour
 e - a +0 robe
 g - a +0 leather armour (worn)
Jewellery
 F - a ring of protection from fire (left hand)
Scrolls
 b - a scroll of blinking
 c - a scroll of enchant armour {unknown}
 f - a scroll of fear
 h - 5 scrolls of identify {unknown}
 i - 2 scrolls of remove curse {unknown}
 k - 5 scrolls of teleportation {unknown}
 m - a scroll of fog {unknown}
 o - a scroll of random uselessness {unknown}
Potions
 d - a potion of curing {@q1@q1}
 j - a potion of cancellation {unknown}
 n - a potion of magic {unknown}

Dungeon Overview and Level Annotations

Branches:
Dungeon (2/15)

Altars:
Zin

###########......##.#
#.#...### ###.#...#)#
#.##...... #.#...#.#
#. ##..#.# #.......#
# ##..#.# #....?..#
#...#.# #...(...#
#...<.. ###...#.#
#÷#.÷.. #.o.# .
#...... ##@## #......
#.# #...... #)#
#...... #†# ##......
#.# #(...... #.# .♣
♣###..... #)#
♣._.♣..#..... #..
.........###.
.............


You could see an orc.


Message History

Aiming: Shock (safe; 14% risk of failure)
Press: ? - help, Q - select action, (/) - cycle Shift-Dir - straight line, f/p - gnoll
Aim: a gnoll, wielding a +0 spear (almost dead, 31% to evade)
You miscast Shock.
Nothing appears to happen.
The orc barely misses you.
The gnoll hits you from afar with a +0 spear.
Aiming: Shock (safe; 14% risk of failure)
Press: ? - help, Q - select action, (/) - cycle Shift-Dir - straight line, f/p - gnoll
Aim: a gnoll, wielding a +0 spear (almost dead, 31% to evade)
The zap hits the gnoll.
You kill the gnoll!
The zap hits the giant cockroach.
You kill the giant cockroach!
The orc closely misses you.
You closely miss the orc. The orc hits you with a +0 war axe.
* * * LOW HITPOINT WARNING * * *
You hit the orc but do no damage. The orc hits you but does no damage.
You closely miss the orc. The orc barely misses you.
Unknown command.
You hit the orc.
The orc is lightly wounded.
The orc hits you with a +0 war axe!
* * * LOW HITPOINT WARNING * * *
Aiming: Shock (safe; 13% risk of failure)
Press: ? - help, Q - select action, (/) - cycle Shift-Dir - straight line, f - orc
Aim: an orc, wielding a +0 war axe and wearing a +0 chain mail (lightly wounded, 26% to evade)
The zap hits the orc but does no damage.
The orc is lightly wounded.
The orc hits you with a +0 war axe!
You die...

Skill      XL: |  1  2  3 |
---------------+----------+-----
Earth Magic    | 2 |  2.2
Spellcasting   | 5 |  5.0
Invocations    | 1 |  1.1
Short Blades   | 1 |  1.0
Long Blades    | 1 |  1.0
Axes           | 1 |  1.0
Maces & Flails | 1 |  1.0
Polearms       | 1 |  1.0
Staves         | 1 |  1.0
Slings         | 1 |  1.0
Bows           | 1 |  1.0
Crossbows      | 1 |  1.0
Armour         | 1 |  1.0
Stealth        | 1 |  1.0
Shields        | 1 |  1.0
Fighting       | |  4.6
Throwing       | |  2.7
Dodging        | |  4.6
Unarmed Combat | |  2.7
Conjurations   | |  0.8
Hexes          | |  0.8
Summonings     | |  0.8
Necromancy     | |  0.8
Translocations | |  0.8
Transmutations | |  0.8
Fire Magic     | |  0.8
Ice Magic      | |  0.8
Air Magic      | |  0.8
Poison Magic   | |  0.8
Evocations     | |  2.7

Action                   |  1- 3 |  4- 6 || total
-------------------------+-------+-------++-------
Melee: Club              |   115 |     4 ||   119
       Bite              |    12 |       ||    12
 Cast: Shock             |    18 |     7 ||    25
 Stab: Sleeping          |     1 |       ||     1
Armor: Robe              |     4 |       ||     4
       Leather armour    |    16 |       ||    16
Dodge: Dodged            |   128 |     7 ||   135

Levels and vault maps discovered:
D:1:      ebering_hopf_link, layout_basic, minmay_tromino_v4_b
D:2:      layout_loops_ring, lemuel_round_altar, zin_academy,
          grunt_nemelex_the_gamble

Notes
Turn   | Place    | Note
-------+----------+-------------------------------------------
     0 | D:1      | Dracia the Gnoll Wanderer began the quest for the Orb.
     0 | D:1      | Dracia set off with the following items: a +0 club, a
                  | scroll of blinking, a potion of curing {@q1@q1}, a +0 robe,
                  | a scroll of fear; and the following spell memorised: Shock;
                  | and the following spells available to memorise: Mephitic
                  | Cloud
     0 | D:1      | Reached XP level 1. HP: 20/20 MP: 6/6
   101 | D:1      | Reached skill level 2 in Earth Magic
   229 | D:1      | You fall into a shaft and drop 1 floor!
   233 | D:2      | Reached XP level 2. HP: 22/26 MP: 7/7
   793 | D:1      | Reached XP level 3. HP: 28/31 MP: 3/9
   868 | D:1      | Reached skill level 5 in Spellcasting
  1316 | D:1      | Reached skill level 1 in Invocations
  1567 | D:1      | Learned a level 3 spell: Mephitic Cloud
  1639 | D:2      | Found a glowing silver altar of Zin.
  1657 | D:2      | Reached skill level 1 in Short Blades
  1657 | D:2      | Reached skill level 1 in Long Blades
  1657 | D:2      | Reached skill level 1 in Axes
  1657 | D:2      | Reached skill level 1 in Maces & Flails
  1657 | D:2      | Reached skill level 1 in Polearms
  1657 | D:2      | Reached skill level 1 in Staves
  1657 | D:2      | Reached skill level 1 in Slings
  1657 | D:2      | Reached skill level 1 in Bows
  1657 | D:2      | Reached skill level 1 in Crossbows
  1657 | D:2      | Reached skill level 1 in Armour
  1657 | D:2      | Reached skill level 1 in Stealth
  1657 | D:2      | Reached skill level 1 in Shields
  1868 | D:2      | Reached XP level 4. HP: 31/38 MP: 11/11
  1977 | D:2      | Slain by an orc

Vanquished Creatures
  A gnoll (D:2)
  An adder (D:2)
  An ooze (D:1)
  2 leopard geckos (D:1)
  2 giant cockroaches
  5 goblins (D:1)
  9 hobgoblins
  6 kobolds
  5 bats
  4 frilled lizards
  7 rats
43 creatures vanquished.

Table legend: (Time is in decaauts)
 A = Elapsed time spent in this place.
 B = Non-inter-level travel time spent in this place.
 C = Inter-level travel time spent in this place.
 D = Time resting spent in this place.
 E = Time spent auto-exploring this place.
 F = Levels seen in this place.
 G = Mean time per level.
                   A        B        C        D        E       F      G
               +--------+--------+--------+--------+--------+-----+--------+
         Total |   2010 |   1995 |     15 |    184 |   1449 |   2 | 1005.0 |
       Dungeon |   2010 |   1995 |     15 |    184 |   1449 |   2 | 1005.0 |
               +--------+--------+--------+--------+--------+-----+--------+

Top non-repeatable levels by time:
     D:1: 1380 daAuts
     D:2: 630 daAuts

Table legend:
 A = Non-vault XP
 B = Vault XP
 C = Vault XP percentage of total XP
 D = Non-vault monster count
 E = Vault monster count
 F = Vault count percentage of total count
                 A         B        C        D         E       F
            +---------+---------+-------+---------+---------+-------
      Total |      95 |       3 |   3.1 |      40 |       3 |   7.0
            +---------+---------+-------+---------+---------+-------
        D:1 |      53 |       3 |   5.4 |      29 |       3 |   9.4
        D:2 |      42 |       0 |   0.0 |      11 |       0 |   0.0
            +---------+---------+-------+---------+---------+-------
